 Dungeon Crawl Stone Soup version 0.30-a0-596-g0af90f9 (webtiles) character file.

Game seed: 5370041468875966868

14 milkiemew the Slasher (level 2, 0/22 HPs)
             Began as a Demonspawn Gladiator on Jan 6, 2023.
             Succumbed to a kobold's poison
             ... on level 1 of the Dungeon.
             The game lasted 00:02:37 (324 turns).

milkiemew the Slasher (Demonspawn Gladiator)         Turns: 324, Time: 00:02:38

Health: 0/22       AC:  4    Str: 14    XL:     2   Next: 27%
Magic:  2/2        EV: 12    Int:  9    God:
Gold:   23         SH:  0    Dex: 14    Spells: 1/1 levels left

rFire   . . .      SeeInvis .    a - +0 long sword
rCold   . . .      Faith    .    (no shield)
rNeg    . . .      Spirit   .    b - +0 leather armour
rPois   .          Reflect  .    c - +0 helmet
rElec   .          Harm     .    (no cloak)
rCorr   .          Rampage  .    (no gloves)
Will    .....                    (no boots)
Stlth   +                        (no amulet)
HPRegen 0.23/turn                (no ring)
MPRegen 0.08/turn                (no ring)

@: lethally poisoned (0 -> -20)
A: weakness stinger 1
a: no special abilities


You were on level 1 of the Dungeon.
You visited 1 branch of the dungeon, and saw 1 of its levels.

You collected 23 gold pieces.

Inventory:

Hand Weapons
 a - a +0 long sword (weapon)
 f - a +0 short sword of venom
Missiles
 d - 3 throwing nets (quivered)
 e - a javelin
Armour
 b - a +0 leather armour (worn)
 c - a +0 helmet (worn)
Potions
 g - a potion of haste {unknown}
 h - a potion of curing {unknown}


   Skills:
 + Level 2.0 Fighting
 + Level 3.1 Long Blades
 + Level 1.8 Throwing
 + Level 2.9 Dodging


You had one spell level left.
You didn't know any spells.
Your spell library contained the following spells:

 Spells                   Type           Power      Damage    Failure   Level
 Ensorcelled Hibernation  Hex/Ice        0%         N/A       61%         2
 Spider Form              Tmut/Pois      0%         N/A       83%         3
 Anguish                  Hex/Necr       0%         N/A       99%         4


Dungeon Overview and Level Annotations

Branches:
Dungeon (1/15)

Altars:


Innate Abilities, Weirdness & Mutations

You have a small tail.


Message History

You completely miss the hobgoblin.
The hobgoblin is almost dead.
The hobgoblin hits you.
You slash the hobgoblin!
You kill the hobgoblin!
The bat completely misses you.
You hit the bat but do no damage. The bat barely misses you.
The bat barely misses you. The bat hits you but does no damage.
The bat barely misses you.
Things that are here:
a frilled lizard corpse; a bat corpse You closely miss the bat.
You tail-slap the bat.
The bat is severely wounded.
The bat hits you. The bat misses you. The bat hits you but does no damage.
You hit the bat.
You kill the bat!
No target in view!
Things that are here:
a frilled lizard corpse; a bat corpse You now have 23 gold pieces (gained 1).
There is a stone staircase leading down here.
h - a black potion A kobold comes into view.
It is wielding a +0 whip of venom.
You barely miss the kobold. The kobold hits you but does no damage.
You are poisoned.
The kobold hits you with a +0 whip of venom.
You are lethally poisoned!
You hit the kobold but do no damage.
You tail-slap the kobold, but do no damage.
You feel extremely sick.
The kobold hits you with a +0 whip of venom.
You are more poisoned.
You are too injured to fight recklessly!
You barely miss the kobold.
* * * LOW HITPOINT WARNING * * *
You feel extremely sick. The kobold barely misses you.
You closely miss the kobold.
You die...

#### #..### #....#
#.##.####
##.##....#####
#..#####......
#####.## ##..###.
#.....#####.......
#@######.......###
#K# #......## ..#
#...###.### ..##
..#. #...# .## .#.
###.## .. # #..#
#. ##.# . #>. ##..


You could see a kobold.

Vanquished Creatures
  A dart slug (D:1)
  3 bats (D:1)
  2 hobgoblins (D:1)
  A jackal (D:1)
  A frilled lizard (D:1)
  A goblin (D:1)
  A kobold (D:1)
  2 rats (D:1)
12 creatures vanquished.

Notes
Turn   | Place    | Note
-------+----------+-------------------------------------------
     0 | D:1      | milkiemew the Demonspawn Gladiator began the quest for the
                  | Orb.
     0 | D:1      | Reached XP level 1. HP: 16/16 MP: 1/1
   116 | D:1      | Reached skill level 3 in Long Blades
   116 | D:1      | Gained mutation: You have a small tail. [demonic ancestry]
   116 | D:1      | Reached XP level 2. HP: 7/22 MP: 2/2
   324 | D:1      | Succumbed to a kobold's poison

Illustrated notes

Levels and vault maps discovered:
D:1:      scummos_arrival_gate, layout_rooms

Skill      XL: |  1 |
---------------+----+-----
Long Blades    | 3 |  3.1
Fighting       | |  2.0
Throwing       | |  1.8
Dodging        | |  2.9

Action                   || total
-------------------------++-------
Melee: Long sword        ||    46
       Tailslap          ||     3
Armor: Leather armour    ||    21
Dodge: Dodged            ||    43

Table legend: (Time is in decaauts)
 A = Elapsed time spent in this place.
 B = Non-inter-level travel time spent in this place.
 C = Inter-level travel time spent in this place.
 D = Time resting spent in this place.
 E = Time spent auto-exploring this place.
 F = Levels seen in this place.
 G = Mean time per level.
                   A        B        C        D        E       F      G
               +--------+--------+--------+--------+--------+-----+--------+
         Total |    335 |    329 |      6 |      0 |    157 |   1 |  335.0 |
       Dungeon |    335 |    329 |      6 |      0 |    157 |   1 |  335.0 |
               +--------+--------+--------+--------+--------+-----+--------+

Top non-repeatable levels by time:
     D:1: 335 daAuts
